 Dungeon Crawl Stone Soup version 0.27.1-33-g824d729ab1 (webtiles) character file.

Game seed: 5930756104859456782

7 zeram the Sneak (level 1, -2/9 HPs)
             Began as a Spriggan Enchanter on Dec 31, 2021.
             Slain by a kobold (5 damage)
             ... on level 1 of the Dungeon.
             The game lasted 00:01:01 (596 turns).

zeram the Sneak (Spriggan Enchanter)                 Turns: 596, Time: 00:01:02

Health: -2/9       AC:  3    Str:  4    XL:     1   Next: 91%
Magic:  3/5        EV: 17    Int: 16    God:
Gold:   13         SH:  0    Dex: 15    Spells: 4/5 levels left

rFire    . . .     SeeInvis +   a - +1 dagger
rCold    . . .     Faith    .   (shield restricted)
rNeg     . . .     Spirit   .   b - +0 robe
rPois    .         Reflect  .   (helmet restricted)
rElec    .         Harm     .   d - +0 cloak
rCorr    .         Rampage  .   (gloves unavailable)
Will     .....                  (boots unavailable)
Stlth    +++.......             (no amulet)
HPRegen  0.03/turn              (no ring)
MPRegen  0.09/turn              (no ring)

@: studying Polearms, very quick
A: very small, no large weapons, unfitting armour, see invisible, speed 3
a: no special abilities


You were on level 1 of the Dungeon.
You visited 1 branch of the dungeon, and saw 1 of its levels.

You collected 13 gold pieces.

Inventory:

Hand Weapons
 a - a +1 dagger (weapon)
Armour
 b - a +0 robe (worn)
 d - a +0 cloak (worn)
Jewellery
 c - a ring of protection from fire
Potions
 e - a potion of curing {unknown}


   Skills:
 - Level 1.1 Short Blades
 + Level 2.8 Dodging
 + Level 4.7 Stealth
 + Level 2.8 Spellcasting
 + Level 3.9 Hexes


You had 4 spell levels left.
You knew the following spells:

 Your Spells              Type           Power      Damage    Failure   Level
a - Corona                Hex            15%        N/A       3%          1

Your spell library contained the following spells:

 Spells                   Type           Power      Damage    Failure   Level
 Confusing Touch          Hex            14%        N/A       12%         3
 Tukima's Dance           Hex            14%        N/A       12%         3
 Ensorcelled Hibernation  Hex/Ice        16%        N/A       13%         2
 Dazzling Flash           Conj/Hex       16%        N/A       26%         3
 Ignite Poison            Fire/Tmut/Pois 2%         N/A       50%         3
 Mephitic Cloud           Conj/Pois/Air  2%         N/A       50%         3
 Bolt of Magma            Conj/Fire/Erth 1%         4d4       99%         5


Dungeon Overview and Level Annotations

Branches:
Dungeon (1/15)

Altars:


Innate Abilities, Weirdness & Mutations

You are very small and have problems with some larger weapons.
You are too small for most types of armour.
You have supernaturally acute eyesight. (SInv)
You cover ground extremely quickly. (Speed+++)


Message History

There is an open door here.
You see here a frilled lizard corpse.
Found an emerald potion.
e - an emerald potion
Found a chain mail.
A kobold comes into view. It is wielding a +0 short sword.
A kobold is nearby!
A kobold is nearby!
A kobold is nearby!
A kobold comes into view. It is wielding a +0 short sword.
Found a mace.
The kobold shouts! x2
The kobold misses you.
You barely miss the kobold.
The kobold hits you with a +0 short sword.
Ouch! That really hurt!
You are too injured to fight recklessly!
You are too injured to fight recklessly!
Casting: Corona (safe; 3% risk of failure)
Confirm with . or Enter, or press ? or * to list all spells.
Aiming: Corona (safe; 3% risk of failure)
Press: ? - help, Shift-Dir - straight line, f - kobold
Aim: a kobold, wielding a +0 short sword (chance to affect: 68%)
The kobold barely resists.
Okay, then.
Casting: Corona (safe; 3% risk of failure)
Confirm with . or Enter, or press ? or * to list all spells.
Aiming: Corona (safe; 3% risk of failure)
Press: ? - help, Shift-Dir - straight line, f/p - kobold
Aim: a kobold, wielding a +0 short sword (chance to affect: 68%)
The kobold is outlined in light.
You closely miss the kobold. The kobold completely misses you.
You hit the kobold but do no damage.
The kobold hits you with a +0 short sword.
You completely miss the kobold. The kobold misses you.
You hit the kobold.
The kobold is heavily wounded.
The kobold hits you with a +0 short sword.
Ouch! That really hurt!
You die...

. ..#######
.).[....#######
.........KK@..#
#.......#####.#
#.......# #.# #########
#.# ################ #.#
...†...........# #.#
##############.###.# #
#.##.##..####### #
########.##.##........##


You could see 2 kobolds.

Vanquished Creatures
  2 ball pythons (D:1)
  A goblin (D:1)
  A hobgoblin (D:1)
  A bat (D:1)
  A frilled lizard (D:1)
  A kobold (D:1)
7 creatures vanquished.

Notes
Turn   | Place    | Note
-------+----------+-------------------------------------------
     0 | D:1      | zeram the Spriggan Enchanter began the quest for the Orb.
     0 | D:1      | Reached XP level 1. HP: 9/9 MP: 5/5
   596 | D:1      | Slain by a kobold

Illustrated notes

Levels and vault maps discovered:
D:1:      wander_arrival_lonely_grave, layout_basic, hangedman_decor_growths,
          st_stairs_7, chequers_serial_rivers_micro_a

Action                   || total
-------------------------++-------
Melee: Dagger            ||    25
 Cast: Corona            ||     3
 Stab: Sleeping          ||     1
Armor: Robe              ||     3
Dodge: Dodged            ||    24
